 Dungeon Crawl Stone Soup version 0.27.1-33-g824d729ab1 (webtiles) character file.

Game seed: 11383905789758560280

764 belegose the Sneak (level 7, -1/60 HPs)
             Began as a Ghoul Brigand on Dec 31, 2021.
             Slain by a phantom (7 damage)
             ... on level 7 of the Dungeon.
             The game lasted 00:12:21 (6226 turns).

belegose the Sneak (Ghoul Brigand)                  Turns: 6226, Time: 00:12:21

Health: -1/60      AC:  4    Str: 15    XL:     7   Next: 81%
Magic:  6/6        EV: 12    Int:  7    God:
Gold:   263        SH:  0    Dex: 11    Spells: 6/6 levels left

rFire    + . .     SeeInvis .   a - +1 dagger (venom)
rCold    + . .     Faith    .   (no shield)
rNeg     + + +     Spirit   .   b - +0 robe
rPois    ∞         Reflect  .   i - +1 hat
rElec    .         Harm     .   c - +0 cloak
rCorr    .         Rampage  .   (no gloves)
Will     .....                  (no boots)
Stlth    +++.......             (no amulet)
HPRegen  0.00/turn              p - ring of protection from fire
MPRegen  0.10/turn              (no ring)

@: inhibited regen
A: claws 1, cold resistance 1, negative energy resistance 3, inhibited
regeneration, torment resistance 2
a: no special abilities


You were on level 7 of the Dungeon.
You visited 1 branch of the dungeon, and saw 7 of its levels.

You collected 263 gold pieces.

Inventory:

Hand Weapons
 a - a +1 dagger of venom (weapon)
Missiles
 d - 7 poisoned darts (quivered)
 h - 70 bolts
 m - 181 stones
Armour
 b - a +0 robe (worn)
 c - a +0 cloak (worn)
 i - a +1 hat (worn)
Jewellery
 p - a ring of protection from fire (left claw)
Scrolls
 e - a scroll of noise {unknown}
 f - a scroll of enchant armour {unknown}
 g - a scroll of enchant weapon {unknown}
 j - a scroll of teleportation {unknown}
 l - a scroll of identify {unknown}
 n - 2 scrolls of magic mapping {unknown}
 o - 2 scrolls of fear {unknown}
 r - a scroll of fog {unknown}
 v - a scroll of vulnerability {unknown}
Potions
 k - a potion of mutation {unknown}
 s - 2 potions of curing
 u - a potion of might {unknown}
 w - a potion of flight {unknown}


   Skills:
 + Level 4.6 Fighting
 + Level 3.7 Short Blades
 + Level 3.8 Throwing
 + Level 3.3 Dodging
 + Level 6.2 Stealth


You had 6 spell levels left.
You didn't know any spells.
Your spell library contained the following spells:

 Spells                   Type           Power      Damage    Failure   Level
 Fireball                 Conj/Fire      0%         3d3       100%        5
 Iskenderun's Battlesphe  Conj           0%         2d6       100%        5
 Conjure Ball Lightning   Conj/Air       0%         3x3d6     100%        6
 Orb of Destruction       Conj           0%         N/A       100%        7


Dungeon Overview and Level Annotations

Branches:
Dungeon (7/15)
 Temple: D:4-7

Altars:
Fedhas
Gozag
Uskayaw
The Shining One


Innate Abilities, Weirdness & Mutations

You thrive by killing the living.
You are immune to poison.
You have sharp fingernails.
Your flesh is cold resistant. (rC+)
You are immune to negative energy. (rN+++)
You do not regenerate when monsters are visible.
You are immune to unholy pain and torment.


Message History

Throw: 3 javelins
Press: ? - help, Q - select action, (/) - cycle Shift-Dir - straight line, f/p - phantom
Aim: a phantom (moderately damaged, 48% to hit)
You throw a javelin.
The javelin pierces through the phantom but does no damage.
The phantom is moderately damaged.
The phantom hits you.
* * * LOW HITPOINT WARNING * * *
The phantom blinks!
You blink.
The phantom hits you.
* * * LOW HITPOINT WARNING * * *
The phantom blinks!
You blink.
Throw: 2 javelins
Press: ? - help, Q - select action, (/) - cycle Shift-Dir - straight line, f/p - phantom
Aim: a phantom (moderately damaged, 48% to hit)
You throw a javelin.
The javelin pierces through the phantom.
The phantom is heavily damaged.
The phantom hits you but does no damage.
Throw: javelin
Press: ? - help, Q - select action, (/) - cycle Shift-Dir - straight line, f/p - phantom
Aim: a phantom (heavily damaged, 48% to hit)
You throw a javelin.
The javelin pierces through the phantom!
The phantom is almost destroyed.
The phantom barely misses you.
Okay, then.
Okay, then.
You aren't carrying any items that you can evoke.
Unknown command.
Unknown command.
You barely miss the phantom.
The phantom is almost destroyed.
The phantom closely misses you.
You hit the phantom.
The phantom is almost destroyed.
The phantom barely misses you.
You hit the phantom but do no damage.
The phantom is almost destroyed.
The phantom hits you!
You die...

#.##.#
#<##.#
#(##.#####
#.##.#...
#..#...#
##.#..####
#.(.....#
#...#####
###W@#
##.# #..#
##(.# #..#
#.# .# #


You could see a phantom.

Vanquished Creatures
  An ice beast (D:5)
  An ogre (D:4)
  3 scorpions
  A bullfrog zombie (D:5)
  A hound (D:5)
  2 jellies
  An iguana (D:5)
  3 orc wizards (D:4)
  A killer bee zombie (D:5)
  A howler monkey skeleton (D:6)
  7 adders
  A worm (D:5)
  4 dart slugs
  6 orcs
  7 ball pythons
  A bat skeleton (D:2)
  10 endoplasms
  7 giant cockroaches
  5 goblins
  6 hobgoblins
  4 jackals (D:4)
  2 quokkas
  A ball python zombie (D:2)
  6 bats
  A frilled lizard (D:2)
  2 giant cockroach zombies (D:2)
  2 kobolds
  A quokka zombie (D:2)
  7 rats
95 creatures vanquished.

Notes
Turn   | Place    | Note
-------+----------+-------------------------------------------
     0 | D:1      | belegose the Ghoul Brigand began the quest for the Orb.
     0 | D:1      | Reached XP level 1. HP: 17/17 MP: 0/0
    21 | D:1      | Reached skill level 1 in Dodging
   135 | D:1      | Reached XP level 2. HP: 25/25 MP: 1/1
   535 | D:1      | Reached XP level 3. HP: 30/30 MP: 2/2
   938 | D:2      | Found a hide-covered altar of Uskayaw.
  1228 | D:2      | Reached XP level 4. HP: 37/37 MP: 3/3
  1831 | D:3      | Found a blossoming altar of Fedhas.
  2278 | D:3      | Found an opulent altar of Gozag.
  2355 | D:3      | Found a faded altar of an unknown god.
  2774 | D:4      | Reached skill level 5 in Stealth
  3016 | D:4      | Noticed an ogre
  3037 | D:4      | Killed an ogre
  3038 | D:4      | Reached XP level 5. HP: 45/45 MP: 4/4
  3285 | D:4      | Reached XP level 6. HP: 51/51 MP: 5/5
  4195 | D:5      | Entered Level 5 of the Dungeon
  4844 | D:5      | Reached XP level 7. HP: 59/59 MP: 6/6
  5246 | D:5      | Reached skill level 6 in Stealth
  6226 | D:7      | Slain by a phantom

Illustrated notes

Levels and vault maps discovered:
D:1:      onia_arrival_handbag, layout_rooms, st_stairs_13
D:2:      layout_loops_ring, serial_undead, serial_undead_f, serial_undead_c,
          serial_undead_d, serial_undead_a, basic_altar
D:3:      layout_loops_ring, nicolae_overflow_hidden_temple,
          mainiacjoe_overflow_alcove_4, shapermc_ecumenical_altar_mp_highgroup
D:4:      layout_basic
D:5:      layout_basic
D:6:      layout_cave_pools, st_stairs_5, grunt_ministairs_3
D:7:      nzn_winding_woodlands_small [nzn_winding_woodlands_5x15_longhouse,
          nzn_winding_woodlands_center_garden,
          nzn_winding_woodlands_5x15_twine], layout_rooms,
          grunt_temple_overflow_octagram, minmay_temple_entry_offerings

Skill      XL: |  1  2  3  4  5  6  7 |
---------------+----------------------+-----
Dodging        | 1 2 3 |  3.3
Short Blades   | 2 3 |  3.7
Throwing       | 2 3 |  3.8
Fighting       | 3 4 |  4.6
Stealth        | 5 6 |  6.2

Action                   |  1- 3 |  4- 6 |  7- 9 || total
-------------------------+-------+-------+-------++-------
Melee: Dagger            |   118 |   357 |    81 ||   556
Throw: Stone             |       |    10 |       ||    10
       Dart              |       |     7 |     6 ||    13
       Javelin           |       |     7 |    14 ||    21
  Use: Potion            |       |     3 |       ||     3
 Stab: Sleeping          |     8 |     7 |     2 ||    17
Armor: Robe              |    31 |    38 |    14 ||    83
Dodge: Dodged            |    59 |   120 |    50 ||   229
